 Dungeon Crawl Stone Soup version 0.30.0-29-ga12c61a403 (webtiles) character file.

Game seed: 14892857136379107439

115 Peloso the Slasher (level 4, -1/40 HPs)
             Began as a Minotaur Fighter on June 6, 2023.
             Slain by a cerulean imp
             ... wielding a +4 spear
             ... summoned by Natasha
              (2 damage)
             ... on level 2 of the Dungeon.
             The game lasted 00:03:37 (1253 turns).

Peloso the Slasher (Minotaur Fighter)               Turns: 1253, Time: 00:03:38

Health: -1/40      AC:  8    Str: 20    XL:     4   Next: 68%
Magic:  3/3        EV:  9    Int:  5    God:
Gold:   125        SH:  0    Dex:  7    Spells: 3/3 levels left

rFire   . . .        a - +6 triple sword of Peril {holy, +Blink rPois Dex-5 SInv}
rCold   . . .        (shield currently unavailable)
rNeg    . . .        n - +0 scale mail
rPois   +            (helmet restricted)
rElec   .            (no cloak)
rCorr   .            c - +0 pair of gloves
SInv    +            (no boots)
Will    .....        (no amulet) Stlth
                     (no ring)
HPRegen 0.26/turn    (no ring)
MPRegen 0.08/turn

%: no passive effects
@: no status effects
A: horns 2, retaliatory headbutt
a: Evoke Blink


You were on level 2 of the Dungeon.
You visited 1 branch of the dungeon, and saw 2 of its levels.

You collected 125 gold pieces.

Inventory:

Hand Weapons
 a - the +6 triple sword of Peril (weapon) {holy, +Blink rPois Dex-5 SInv}
   (You acquired it on level 1 of the Dungeon)

   Dex:       It affects your dexterity (-5).
   rPois:     It protects you from poison.
   SInv:      It lets you see invisible.
   +Blink:    It lets you blink.
 b - a +0 long sword
Armour
 c - a +0 pair of gloves (worn)
 d - a +0 buckler
 n - a +0 scale mail (worn)
Scrolls
 e - 2 scrolls of noise {unknown}
 f - a scroll of acquirement
 g - 2 scrolls of identify {unknown}
 h - a scroll of fog {unknown}
 i - 2 scrolls of teleportation {unknown}
 k - 2 scrolls of amnesia {unknown}
 p - a scroll of immolation {unknown}
Potions
 j - 2 potions of flight {unknown}
 l - a potion of attraction {unknown}
 m - a potion of might
 o - a potion of haste {unknown}


   Skills:
 + Level 4.1 Fighting
 + Level 4.7 Long Blades
 + Level 4.2 Armour
 + Level 0.9 Dodging
 + Level 3.9 Shields


You had 3 spell levels left.
You didn't know any spells.
Your spell library contained the following spells:

 Spells                   Type           Power      Damage    Failure   Level
 Necrotise                Necr           0%         1d4       82%         1
 Vampiric Draining        Necr           0%         2d6       99%         3
 Agony                    Necr           0%         N/A       100%        5


Dungeon Overview and Level Annotations

Branches:
Dungeon (2/15)

Altars:
Makhleb

Shops:
D:2 :

Annotations:
D:2 Natasha


Innate Abilities, Weirdness & Mutations

You have a pair of horns on your head.
You reflexively headbutt those who attack you in melee.


Message History

You headbutt the cerulean imp. You barely miss Natasha.
Your headbutt misses Natasha.
Natasha is moderately wounded.
Natasha zaps a wand.
The puff of flame hits you but does no damage.
The cerulean imp hits you but does no damage.
The cerulean imp closely misses you. You furiously retaliate!
You headbutt the cerulean imp.
The cerulean imp hits you but does no damage.
Natasha hisses.
Natasha claws you.
You closely miss Natasha. You headbutt Natasha.
Natasha is heavily wounded.
The cerulean imp hits you but does no damage.
Natasha casts a spell.
The cerulean imp hits you with a +0 spear.
The cerulean imp closely misses you.
You closely miss Natasha.
Natasha is heavily wounded.
Natasha claws you but does no damage.
The cerulean imp hits you with a +0 spear.
The cerulean imp hits you but does no damage. x2
Natasha claws you.
* * * LOW HITPOINT WARNING * * *
You closely miss Natasha.
Natasha is heavily wounded.
The cerulean imp barely misses you.
The cerulean imp hits you but does no damage.
Natasha claws you!
* * * LOW HITPOINT WARNING * * *
The cerulean imp closely misses you. The cerulean imp barely misses you.
The cerulean imp hits you with a +2 spear.
* * * LOW HITPOINT WARNING * * *
Unknown command.
You closely miss Natasha. You headbutt Natasha!
Natasha is almost dead.
Natasha barely misses you.
The cerulean imp hits you but does no damage.
The cerulean imp hits you from afar with a +4 spear.
You die...

#.###### #.##.#...# #...#
#.##..##. #.#.##...######...##
#†#.....## #.##.#..............
#††.....#..###.#.##...##...######
#.##....##...#....÷...##...# #..
#†## ..#####.....#....#########.#
...#####..............'.........#
................55....####.[...##
................@.##### #.....#
.........########h# #.....##
......... #.5# #....... ..#######
....$ #....... ..# ...## ####....
..# .... #.... ..# ..... #####
..######## ...... # .........# #
#


You could see Natasha and 3 cerulean imps.

Vanquished Creatures
  Natasha (D:2)
  2 adders (D:2)
  A worm (D:2)
  2 dart slugs
  5 ball pythons
  4 endoplasms
  11 goblins
  A hobgoblin (D:1)
  7 jackals (D:2)
  2 quokkas
  4 bats
  A frilled lizard (D:1)
  3 kobolds (D:2)
  25 rats
69 creatures vanquished.

Notes
Turn   | Place    | Note
-------+----------+-------------------------------------------
     0 | D:1      | Peloso the Minotaur Fighter began the quest for the Orb.
     0 | D:1      | Reached XP level 1. HP: 19/19 MP: 0/0
   110 | D:1      | Reached XP level 2. HP: 24/27 MP: 1/1
   650 | D:1      | Reached XP level 3. HP: 33/33 MP: 2/2
   680 | D:1      | Identified 2 scrolls of acquirement
   680 | D:1      | Acquired the +6 triple sword of Peril {holy, +Blink rPois
                  | Dex-5 SInv}
   752 | D:2      | Found Tyosemp's Book Shoppe.
   989 | D:2      | Reached XP level 4. HP: 40/40 MP: 3/3
  1162 | D:2      | Noticed Natasha
  1164 | D:2      | Killed Natasha
  1198 | D:2      | Found a burning altar of Makhleb.
  1243 | D:2      | Noticed Natasha
  1252 | D:2      | HP: 1/40 [cerulean imp/+2 spear[Natasha] (4)]
  1253 | D:2      | Slain by a cerulean imp

Illustrated notes

Levels and vault maps discovered:
D:1:      onia_arrival_handbag, layout_basic
D:2:      layout_basic, serial_shops, nicolae_shop_trees, shop, basic_altar,
          minmay_misc_feat_tiny, minmay_rat_hole, uniq_natasha

Skill      XL: |  1  2  3 |
---------------+----------+-----
Long Blades    | 3 4 |  4.7
Armour         | 4 |  4.2
Fighting       | 4 |  4.1
Dodging        | |  0.9
Shields        | |  3.9

Action                     |  1- 3 |  4- 6 || total
---------------------------+-------+-------++-------
  Melee: Long sword        |    59 |       ||    59
         Headbutt          |     8 |     2 ||    10
         Triple sword      |    49 |    26 ||    75
    Use: Scroll            |     1 |       ||     1
 Armour: Scale mail        |    76 |    21 ||    97
  Dodge: Dodged            |    85 |    26 ||   111
  Block: Buckler           |     7 |       ||     7
